 Dungeon Crawl Stone Soup version 0.30-b1-2-g02819fbbbe (webtiles) character file.

Game seed: 17856495961927246586

1383 iucounu the Cleaver (level 8, -19/70 HPs)
             Began as a Hill Orc Fighter on May 22, 2023.
             Was a Follower of Beogh.
             Demolished by a reaper
             ... wielding a +1 scythe of venom
              (26 damage)
             ... on level 2 of the Abyss.
             The game lasted 00:22:14 (4860 turns).

iucounu the Cleaver (Hill Orc Fighter)              Turns: 4860, Time: 00:22:15

Health: -19/70     AC: 17    Str: 25    XL:     8   Next: 67%
Magic:  8/8        EV:  9    Int:  8    God:    Beogh [*.....]
Gold:   228        SH: 11    Dex: 12    Spells: 7/7 levels left

rFire   . . .        a - +3 war axe
rCold   . . .        A - +2 kite shield
rNeg    . . .        q - +8 scale mail of the Fiend {+Blink Will+}
rPois   .            (no helmet)
rElec   .            l - +1 cloak
rCorr   .            (no gloves)
SInv    .            (no boots)
Will    +....        (no amulet) Stlth
                     r - +6 ring of strength
HPRegen 0.31/turn    (no ring)
MPRegen 0.11/turn

%: no passive effects
@: lethally poisoned (-19 -> -23)
A: no striking features
a: Renounce Religion, Evoke Blink


You were on level 2 of the Abyss.
You worshipped Beogh.
Beogh was aware of your devotion.
You visited 1 branch of the dungeon, and saw 6 of its levels.
You visited the Abyss 1 time.

You collected 361 gold pieces.
You spent 133 gold pieces at shops.

Inventory:

Hand Weapons
 a - a +3 war axe (weapon)
 s - a +0 heavy war axe
Missiles
 j - 5 boomerangs
 k - 15 stones
 o - a throwing net
Armour
 b - a +0 scale mail
 c - a +0 buckler
 l - a +1 cloak (worn)
 q - the +8 scale mail of the Fiend (worn) {+Blink Will+}
   (You found it on level 4 of the Dungeon)

   +Blink:    It lets you blink.
   Will:      It increases your willpower.
 A - a +2 kite shield (worn)
Magical Staves
 x - a staff of air
 y - a staff of cold
Jewellery
 r - a +6 ring of strength (left hand)
Wands
 t - a wand of polymorph (7)
Scrolls
 e - a scroll of immolation
 g - a scroll of enchant armour {unknown}
 m - a scroll of fear
 w - a scroll of identify
Potions
 d - 3 potions of might
 f - 3 potions of lignification
 h - 3 potions of brilliance
 i - 3 potions of haste
 n - a potion of curing
 u - a potion of flight {unknown}
 v - a potion of invisibility {unknown}
 z - a potion of magic {unknown}


   Skills:
 + Level 5.9 Fighting
 + Level 9.8 Axes
 + Level 1.3 Throwing
 + Level 5.8 Armour
 + Level 1.8 Dodging
 + Level 0.3 Stealth
 + Level 4.5 Shields


You had 7 spell levels left.
You didn't know any spells.
Your spell library contained the following spells:

 Spells                   Type           Power      Damage    Failure   Level
 Sting                    Tmut/Pois      0%         1d3       89%         1
 Poisonous Vapours        Pois/Air       0%         N/A       96%         2
 Sublimation of Blood     Necr           0%         N/A       96%         2
 Wereblood                Tmut           0%         N/A       96%         2
 Mephitic Cloud           Conj/Pois/Air  0%         N/A       99%         3
 Vhi's Electric Charge    Tloc/Air       0%         N/A       99%         3
 Olgreb's Toxic Radiance  Pois           0%         N/A       100%        4
 Petrify                  Tmut/Erth      0%         N/A       100%        4
 Arcjolt                  Conj/Air       0%         1d10      100%        5
 Freezing Cloud           Conj/Ice/Air   0%         6-21      100%        5
 Irradiate                Conj/Tmut      0%         3d11      100%        5
 Summon Hydra             Summ           0%         N/A       100%        7
 Maxwell's Capacitive Co  Air            0%         ∞         100%        8


Dungeon Overview and Level Annotations

Branches:
Dungeon (6/15)
 Temple: D:4-7

Altars:
Elyvilon
Trog
Uskayaw
Vehumet
The Shining One

Shops:
D:2 *


Message History

You slash the quasit!
The quasit is almost dead.
The quasit bites you but does no damage.
You block the quasit's attack. The quasit closely misses you.
You slash the quasit!
You kill the quasit!
Beogh accepts your kill.
A reaper comes into view. It is wielding a +1 scythe of venom.
The reaper hits you from afar with a +1 scythe of venom!!
You are poisoned.
You feel very sick. You block the reaper's attack.
An orange demon and a sixfirhy come into view.
You closely miss the reaper.
You feel very sick.
The cacodemon shouts!
You block the reaper's attack.
You hit the reaper.
The reaper is lightly wounded.
You feel very sick. The sixfirhy barely misses you.
You block the reaper's attack.
You slash the reaper!
The reaper is moderately wounded.
You miss the sixfirhy.
You feel very sick. You block the reaper's attack.
You slash the reaper!
The reaper is moderately wounded.
You barely miss the sixfirhy.
You feel sick. You block the reaper's attack. The sixfirhy barely misses you.
You hit the reaper.
The reaper is moderately wounded.
You miss the sixfirhy.
You feel sick. The sixfirhy hits you.
* * * LOW HITPOINT WARNING * * *
The sixfirhy shocks you!
* * * LOW HITPOINT WARNING * * *
The sixfirhy closely misses you.
The sixfirhy hits you but does no damage. x2
The reaper hits you with a +1 scythe of venom!!
You die...

.# #. # #. #.
#.# #..#.## ..#
#...4.2##..# .#
###@..#..#
..#.##23......#
#.......#..###
#.#.......#...#
#.#.#.... .....
.#.#.##.#......
###. .##..#.##
.# . .. .. .# .
#.


You could see a cacodemon, a reaper, an orange demon and a sixfirhy.

Vanquished Creatures
  Grinder (D:5)
  An ice beast (D:6)
  2 black bears
  2 phantoms
  A scorpion (D:4)
  A wight (D:4)
  A howler monkey (D:5)
  3 hounds
  A quasit (Abyss:2)
  A jelly (D:3)
  A gnoll bouda (D:6)
  2 iguanas
  Ijyb (D:5)
  6 orc wizards (D:4)
  9 gnolls
  6 adders
  A white imp (D:4)
  4 orcs (D:4)
  5 ball pythons
  5 bats
  3 endoplasms
  6 giant cockroaches
  6 goblins
  5 hobgoblins
  4 jackals (D:1)
  A kobold (D:1)
  A quokka (D:3)
  A frilled lizard (D:3)
  4 rats
85 creatures vanquished.

Vanquished Creatures (others)
  An orc priest (D:4)
1 creature vanquished.

Grand Total: 86 creatures vanquished

Notes
Turn   | Place    | Note
-------+----------+-------------------------------------------
     0 | D:1      | iucounu the Hill Orc Fighter began the quest for the Orb.
     0 | D:1      | Reached XP level 1. HP: 19/19 MP: 1/1
    98 | D:1      | Reached XP level 2. HP: 27/27 MP: 2/2
   372 | D:1      | Found a faded altar of an unknown god.
   832 | D:1      | Reached skill level 3 in Axes
  1082 | D:2      | Found a radiant altar of Vehumet.
  1151 | D:2      | Found Ivvokhoss's General Store.
  1161 | D:2      | Bought a scroll of enchant weapon for 105 gold pieces
  1199 | D:2      | Reached XP level 3. HP: 33/33 MP: 3/3
  1790 | D:2      | Bought a scroll of identify for 28 gold pieces
  1927 | D:3      | Reached XP level 4. HP: 40/40 MP: 4/4
  2001 | D:3      | Found a radiant altar of Vehumet.
  2015 | D:3      | Found a white marble altar of Elyvilon.
  2036 | D:3      | Reached skill level 4 in Axes
  2129 | D:4      | Noticed a phantom
  2143 | D:4      | Killed a phantom
  2144 | D:4      | Reached skill level 1 in Throwing
  2144 | D:4      | Reached skill level 1 in Dodging
  2144 | D:4      | Reached XP level 5. HP: 21/46 MP: 5/5
  2898 | D:4      | Found a bloodstained altar of Trog.
  2899 | D:4      | Became a worshipper of Beogh the Brigand
  2918 | D:4      | Reached XP level 6. HP: 50/53 MP: 6/6
  3053 | D:4      | Reached skill level 5 in Axes
  3073 | D:4      | Identified the +8 scale mail of the Fiend {+Blink Will+}
  3147 | D:4      | Reached skill level 5 in Armour
  3150 | D:4      | Reached XP level 7. HP: 60/60 MP: 7/7
  3226 | D:4      | Reached skill level 5 in Fighting
  3226 | D:4      | Reached skill level 6 in Axes
  3269 | D:4      | Reached * piety under Beogh
  3744 | D:5      | Entered Level 5 of the Dungeon
  3750 | D:5      | Noticed Ijyb
  3762 | D:4      | Reached skill level 7 in Axes
  3858 | D:5      | Killed Ijyb
  4142 | D:5      | Found a hide-covered altar of Uskayaw.
  4169 | D:5      | Found a glowing golden altar of the Shining One.
  4184 | D:5      | Reached skill level 8 in Axes
  4184 | D:5      | Reached XP level 8. HP: 69/69 MP: 8/8
  4197 | D:5      | Noticed Grinder
  4224 | D:5      | Killed Grinder
  4225 | D:5      | Reached skill level 9 in Axes
  4813 | Abyss:2  | Cast into level 2 of the Abyss (gnoll)
  4819 | Abyss:2  | Found a corrupted altar of Lugonu.
  4822 | Abyss:2  | Noticed a smoke demon
  4853 | Abyss:2  | Noticed a reaper
  4856 | Abyss:2  | Noticed a cacodemon
  4856 | Abyss:2  | Noticed an orange demon
  4856 | Abyss:2  | Noticed a sixfirhy
  4860 | Abyss:2  | Demolished by a reaper

Illustrated notes

Levels and vault maps discovered:
D:1:      dpeg_arrival_arbitrary_b, layout_basic,
          dreamdust_ecumenical_altar_angels_and_demons
D:2:      layout_loops_ring, serial_shops, nicolae_shop_advertising_works
          [nicolae_subvault_shop_adworks], basic_altar
D:3:      layout_loops_cross, nicolae_vehumet_radiance,
          mainiacjoe_overflow_small_starburst
D:4:      minmay_recursive_quarters, layout_cave_pools,
          trog_three_pillars_becter, eino_curves_03,
          minmay_a_box_with_orc_wizards_in_it
D:5:      layout_gridville, nicolae_overflow_crystal_walls,
          mainiacjoe_overflow_concentric_impassable, chequers_garden,
          serial_bayou_pond_e, uniq_ijyb, uniq_grinder
D:6:      layout_loops_ring
Abyss:2:  base: Temple, minivault_23

Skill      XL: |  1  2  3  4  5  6  7  8 |
---------------+-------------------------+-----
Axes           | 3 4 5 8 9 |  9.8
Armour         | 4 5 |  5.8
Fighting       | 4 5 |  5.9
Throwing       | 1 |  1.3
Dodging        | 1 |  1.8
Shields        | 4 |  4.5
Stealth        | |  0.3

Action                     |  1- 3 |  4- 6 |  7- 9 || total
---------------------------+-------+-------+-------++-------
  Melee: War axe           |    66 |    78 |   128 ||   272
  Throw: Stone             |     5 |    11 |       ||    16
         Boomerang         |       |     6 |       ||     6
 Invoke: Convert to Beogh  |       |     1 |       ||     1
Ability: Evoke Blink       |       |       |     2 ||     2
    Use: Scroll            |     4 |    11 |     1 ||    16
         Potion            |       |     3 |     1 ||     4
 Armour: Scale mail        |    29 |    46 |   110 ||   185
         Skin              |       |     7 |       ||     7
  Dodge: Dodged            |    34 |    44 |    59 ||   137
  Block: Buckler           |    16 |    27 |    27 ||    70
         Kite shield       |       |       |    21 ||    21
